AoeStats
← AlignedChaos

Arabia

510869674Analyzed
1v1 RM · 1d ago on Oct 2, 2026· 30m 35s· 2 players
Game mode
Random Map
Map size
Tiny (2 player)
Population
200
Speed
Normal
Resources
Standard
Victory
Conquest
Starting age
Dark Age
Ending age
Imperial Age
RankedLock teamsTeams togetherTeam positionsShared explorationLock speedFull tech treeHidden civsTurbo modeCheats
Victory
Defeat
🇫🇷 Persians · France
1000
+48
🇺🇸 Britons · United States
1000
-48
Tadark
7:33 Loom
10:04 Feudal Age
13:23 Double-Bit Axe
23:35 Castle Age
23:05 Scale Barding Armor
23:04 Scale Mail Armor
23:21 Forging
24:00 Bloodlines
23:56 Light Cavalry
24:43 Husbandry
29:41 Iron Casting
AlignedChaos
12:14 Feudal Age
20:55 Loom
23:44 Double-Bit Axe
23:40 Horse Collar
23:55 Gold Mining
Connection lost

Rejoining the realm…

Still unreachable

The connection could not be restored.

Session expired

The server has moved on; the page needs a fresh start.